 Dungeon Sprint DCSS version 0.24.0-125-gc4c63601f3 (webtiles) character file.

Game seed: 1058820798238486363, levelgen mode: deterministic

700000 Ponchio the Acrobat (level 11, -17/70 HPs)
             Began as a Spriggan Abyssal Knight on Mar 4, 2020.
             Was a Follower of Lugonu.
             Demolished by a meat berserker
             ... wielding a +9 battleaxe
              (87 damage)
             ... in the Dungeon (Sprint VIII: "Arena of Blood").
             The game lasted 00:02:04 (7 turns).

Ponchio the Acrobat (Spriggan Abyssal Knight)          Turns: 7, Time: 00:02:05

Health: -17/70     AC:  2    Str:  8    XL:     11   Next: 71%
Magic:  3/24       EV: 37    Int: 13    God:    Lugonu [*.....]
Gold:   0          SH:  0    Dex: 20    Spells: 10/10 levels left

rFire    . . .     SeeInvis +   j - +∞ Axe of Woe
rCold    . . .     Gourm    .   (shield currently unavailable)
rNeg     . . .     Faith    .   b - +0 robe
rPois    .         Spirit   .   (helmet restricted)
rElec    .         Reflect  .   (no cloak)
rCorr    .         Harm     .   (gloves unavailable)
MR       +....     NoTele   +   (boots unavailable)
Stlth    ++........             (no amulet)
HPRegen  0.21/turn              (no ring)
MPRegen  0.19/turn              (no ring)

@: very quick
A: very small, unfitting armour, see invisible, herbivore, speed 3, slow
metabolism 2
a: Renounce Religion


You were in the Dungeon.
You worshipped Lugonu.
Lugonu was aware of your devotion.
You were not hungry.

You visited 1 branch

Inventory:

Hand Weapons
 a - a +1 short sword
 j - the +∞ Axe of Woe (weapon)
   (You found it in the Dungeon)
Armour
 b - a +0 robe (worn)
Scrolls
 i - a scroll of blinking
Potions
 d - a potion of curing
 e - a potion of heal wounds
 f - a potion of haste
 g - 2 potions of magic
 h - a potion of berserk rage
Comestibles
 c - a ration


   Skills:
 + Level 14.3 Fighting
 - Level 2.1 Short Blades
 + Level 22.0 Dodging
 + Level 16.5 Invocations


You had 10 spell levels left.
You didn't know any spells.
Your spell library was empty.

Dungeon Overview and Level Annotations

Branches:
Dungeon (1/1)

Altars:
Makhleb


Innate Abilities, Weirdness & Mutations

You are very small and have problems with some larger weapons.
You are too small for most types of armour.
You have supernaturally acute eyesight. (SInv)
You are a herbivore.
You cover ground extremely quickly.
You need to consume almost no food.


Message History

You have reached level 5!
You feel agile.
You have reached level 6!
Your experience leads to an increase in your attributes!
Increase (S)trength, (I)ntelligence, or (D)exterity?
You feel agile.
You have reached level 7!
You have reached level 8!
You have reached level 9!
Your experience leads to an increase in your attributes!
Increase (S)trength, (I)ntelligence, or (D)exterity?
You feel agile.
You have reached level 10!
You feel agile.
You have reached level 11!
You hear a shout! x2
A bag of meat comes into view. It is wielding a +9 war axe.
The meat berserker hits you with a +9 battleaxe!!!!
Ouch! That really hurt!
You die...

#... .# .#... #...
..# .....###...
..###.
..........###......
..#........_......
#.......#.....#
........#_.<._#
#.......#.....#.
#...O@O.._......
......o...###......
.....###....o..###.
.... #O......# ...
#.......# ..
.....o.o. .
......... .........


You could see 3 meat berserkers and 4 bags of meat.

Vanquished Creatures
  An orc (D)
1 creature vanquished.

Notes
Turn   | Place    | Note
-------+----------+-------------------------------------------
     0 | D        | Found the +∞ Axe of Woe
     0 | D        | Ponchio the Spriggan Abyssal Knight began the quest for the
                  | Orb.
     0 | D        | Reached XP level 1. HP: 11/11 MP: 3/3
     2 | D        | Noticed a bag of meat
     3 | D        | Noticed a meat berserker
     5 | D        | Noticed a bag of meat
     5 | D        | Noticed a bag of meat
     5 | D        | Noticed a meat berserker
     6 | D        | Noticed a bag of meat
     7 | D        | Noticed a meat berserker
     7 | D        | Killed a bag of meat
     7 | D        | Reached skill level 22 in Dodging
     7 | D        | Reached XP level 2. HP: 30/30 MP: 3/12
     7 | D        | Reached XP level 3. HP: 34/34 MP: 3/13
     7 | D        | Reached XP level 4. HP: 39/39 MP: 3/15
     7 | D        | Reached XP level 5. HP: 43/43 MP: 3/16
     7 | D        | Reached XP level 6. HP: 48/48 MP: 3/18
     7 | D        | Reached XP level 7. HP: 52/52 MP: 3/19
     7 | D        | Reached XP level 8. HP: 57/57 MP: 3/21
     7 | D        | Reached XP level 9. HP: 61/61 MP: 3/22
     7 | D        | Reached XP level 10. HP: 66/66 MP: 3/23
     7 | D        | Reached XP level 11. HP: 70/70 MP: 3/24
     7 | D        | Noticed a bag of meat
     7 | D        | Demolished by a meat berserker

Levels and vault maps discovered:
D:        meatsprint

Skill      XL: |  1 |
---------------+----+-----
Fighting       | 14 | 14.3
Dodging        | 22 | 22.0
Invocations    | 16 | 16.5
Short Blades   | |  2.1

Action                   |  1- 3 |  4- 6 |  7- 9 | 10-12 || total
-------------------------+-------+-------+-------+-------++-------
Melee: Broad axe         |     1 |       |       |       ||     1
